Description

Roaches build from Lambo

Replay - Lambo v Reynor: Game 2 - Cyber Forest LE

Build Order

Get SALT Encoding   

  12  0:00  Drone  
  13  0:12  Overlord  
  13  0:20  Drone  
  14  0:31  Drone x2  
  16  0:48  Hatchery  
  15  0:51  Drone x2  
  17  1:09  Spawning Pool  
  16  1:13  Drone x2  
  18  1:18  Extractor  
  18  1:20  Drone  
  18  1:31  Drone  
  19  1:42  Drone  
  20  1:51  Overlord  
  20  1:56  Queen x2  
  20  2:00  Drone x2  
  26  2:11  Drone x2  
  28  2:22  Drone x2  
  30  2:33  Drone x2  
  30  2:35  Lair, Queen  
  34  2:40  Evolution Chamber  
  33  2:45  Overlord  
  33  2:51  Roach Warren  
  33  2:56  Drone x3  
  35  3:06  Drone x3, Zerg Missile Weapons Level 1  
  38  3:13  Drone x2  
  40  3:21  Overlord  
  40  3:23  Drone x4  
  40  3:26  Extractor x2  
  42  3:33  Glial Reconstitution  
  42  3:39  Drone x6  
  44  3:47  Overlord  
  44  3:48  Roach  
  50  3:57  Roach  
  50  4:02  Overlord x2  
  52  4:12  Hatchery  
  52  4:13  Roach x2  
  55  4:19  Roach x2  
  59  4:25  Drone  
  59  4:27  Roach x2  
  59  4:30  Drone x3  
  66  4:34  Extractor  
  66  4:36  Drone  
  68  4:45  Drone x4  
  68  4:46  Evolution Chamber  
  68  4:51  Drone x3  
  73  5:00  Zerg Missile Weapons Level 2  
  73  5:03  Overlord  
  73  5:04  Roach  
  75  5:09  Overlord  
  75  5:13  Zerg Ground Armor Level 1  
  75  5:14  Overlord x2  
  75  5:22  Drone  
  75  5:23  Roach x4  
  75  5:28  Ravager x2  
  86  5:29  Roach x2  
  90  5:36  Roach x4  
  98  5:43  Roach x3  
  98  5:49  Overlord  
  104  5:50  Roach x3  
  110  5:58  Roach x2  
  114  6:05  Overlord x4  
  114  6:10  Ravager x2  
  116  6:11  Roach x3  
  122  6:20  Overlord  
  122  6:25  Roach x3  
  128  6:31  Roach x4  
  136  6:37  Roach x3  
  136  6:39  Overlord  
  142  6:40  Ravager  
  142  6:43  Roach x3  
  149  6:49  Roach x3  
  155  6:56  Roach x3  
  161  7:04  Roach  
  161  7:05  Overlord  
  163  7:11  Roach x3  
  163  7:13  Overlord  
  165  7:26  Roach x3  
  145  7:32  Roach x8  
  140  7:38  Roach x2  
  140  7:44  Roach x4  
  140  7:53  Roach x3  
  142  8:01  Roach x4  
  140  8:08  Roach x3  
  133  8:13  Roach  
  133  8:19  Roach x3  
Spawning Tool Build Advisor. Get it on Overwolf

Go to:

Details

  • Created by: Anhellik
  • Published on: Jul 02, 2019
  • Modified on: Jul 02, 2019
  • Patch: 4.7.1
Show
View Real Time Build Order
Export as new Build Order

Comments (0)

There are no comments. Be the first!

Create an account to comment!